 Dungeon Crawl Stone Soup version 0.23.2 (webtiles) character file.

Game seed: 1072572626769452573

587 Menchi the Covert (level 7, -1/40 HPs)
             Began as a Kobold Assassin on Apr 12, 2019.
             Slain by a worker ant (3 damage)
             ... on level 4 of the Dungeon.
             The game lasted 00:08:37 (4833 turns).

Menchi the Covert (Kobold Assassin)                 Turns: 4833, Time: 00:08:37

Health: -1/40      AC:  4    Str:  9    XL:     7   Next: 65%
Magic:  7/7        EV: 17    Int: 12    God:
Gold:   193        SH:  0    Dex: 18    Spells: 6/6 levels left

rFire    . . .     SeeInvis .   a - +2 short sword (elec)
rCold    . . .     Gourm    .   (shield restricted)
rNeg     . . .     Faith    .   c - +0 robe
rPois    +         Spirit   .   (no helmet)
rElec    .         Reflect  .   d - +0 cloak
rCorr    .         Harm     .   j - +0 pair of gloves
MR       .....                  (no boots)
Stlth    ++++......             (no amulet)
HPRegen  0.13/turn              p - ring of poison resistance
MPRegen  0.10/turn              (no ring)

@: no status effects
A: small, carnivore
a: no special abilities


You were on level 4 of the Dungeon.
You were very full.

You visited 1 branch of the dungeon, and saw 4 of its levels.

You collected 193 gold pieces.

Inventory:

Hand Weapons
 a - a +2 short sword of electrocution (weapon)
 b - a +0 blowgun
 r - a +2 dagger
Missiles
 e - 8 poisoned needles
 f - 2 curare-tipped needles
Armour
 c - a +0 robe (worn)
 d - a +0 cloak (worn)
 j - a +0 pair of gloves (worn)
Jewellery
 p - a ring of poison resistance (left hand)
Wands
 i - a wand of paralysis (2)
Scrolls
 h - a scroll of enchant weapon {unknown}
 k - 2 scrolls of fear {unknown}
 l - 2 scrolls of remove curse {unknown}
 m - a scroll of blinking {unknown}
 o - 2 scrolls of enchant armour {unknown}
 t - a scroll of magic mapping {unknown}
 u - a scroll of amnesia {unknown}
 v - a scroll of teleportation {unknown}
Potions
 n - 2 potions of degeneration
Comestibles
 g - 7 rations


   Skills:
 + Level 2.9 Fighting
 * Level 6.6 Short Blades
 - Level 2.1 Throwing
 * Level 4.0 Dodging
 * Level 8.7 Stealth


You had 6 spell levels left.
You didn't know any spells.
Your spell library was empty.

Dungeon Overview and Level Annotations

Branches:
Dungeon (4/15)
 Temple: D:4-7

Altars:


Innate Abilities, Weirdness & Mutations

You are small and have problems with some larger weapons.
You are carnivorous and can eat meat at any time.


Message History

The gnoll is almost dead.
The gnoll closely misses you. The worker ant bites you.
* * * LOW HITPOINT WARNING * * *
You hit the gnoll but do no damage. Lightning courses through the gnoll!
You kill the gnoll!
The worker ant misses you.
You hit the worker ant.
The worker ant is lightly wounded.
The worker ant misses you.
You closely miss the worker ant.
The worker ant is lightly wounded.
The worker ant barely misses you.
You hit the worker ant.
Lightning courses through the worker ant!
The worker ant is almost dead.
The worker ant closely misses you.
You hit the worker ant but do no damage.
The worker ant is almost dead.
The worker ant bites you.
You die...

##..##..###...######
#..............#....
#..............#....
##..##...###..###..#
#...###+####..######
#...#..........#....
##..#..........# ...
#.).#..........# ...
##.@##########.# #..
#)a# ##.###.. #....
#.....<. #....?
+>...... ##$....
###.###. #[....#
#####' .......
#..... #.......
#..... #...))


You could see a worker ant.

Vanquished Creatures
  2 phantoms (D:4)
  A howler monkey (D:4)
  2 hounds (D:3)
  An orc priest (D:4)
  An orc wizard (D:4)
  A bullfrog skeleton (D:4)
  A worker ant (D:4)
  4 gnolls (D:4)
  8 adders
  2 oozes
  2 worms (D:3)
  3 dart slugs
  3 leopard geckos (D:1)
  3 orcs
  3 giant cockroaches
  7 goblins
  8 hobgoblins
  5 jackals
  6 kobolds
  2 quokkas
  A ball python (D:1)
  6 bats
  6 frilled lizards
  7 rats
85 creatures vanquished.

Notes
Turn   | Place    | Note
-------+----------+-------------------------------------------
     0 | D:1      | Menchi the Kobold Assassin began the quest for the Orb.
     0 | D:1      | Reached XP level 1. HP: 12/12 MP: 1/1
   333 | D:1      | Reached XP level 2. HP: 14/17 MP: 2/2
   826 | D:1      | Reached skill level 6 in Stealth
   843 | D:1      | Reached XP level 3. HP: 22/22 MP: 3/3
   902 | D:1      | HP: 1/22 [hobgoblin (3)]
  1729 | D:2      | Reached XP level 4. HP: 17/27 MP: 4/4
  2329 | D:2      | Reached XP level 5. HP: 25/31 MP: 5/5
  2640 | D:2      | Found a faded altar of an unknown god.
  3294 | D:3      | Reached skill level 7 in Stealth
  3799 | D:4      | Reached XP level 6. HP: 27/36 MP: 6/6
  3937 | D:3      | Reached skill level 5 in Short Blades
  3937 | D:3      | Reached skill level 8 in Stealth
  4290 | D:4      | Noticed a phantom
  4295 | D:4      | Noticed a phantom
  4319 | D:4      | Killed a phantom
  4319 | D:4      | Reached XP level 7. HP: 11/40 MP: 7/7
  4828 | D:4      | HP: 2/40 [worker ant (5)]
  4833 | D:4      | Slain by a worker ant

Skill      XL: |  1  2  3  4  5  6  7 |
---------------+----------------------+-----
Stealth        | 6 7 8 |  8.7
Short Blades   | 3 4 5 6 |  6.6
Dodging        | 2 3 4 |  4.0
Fighting       | |  2.9
Throwing       | |  2.1

Action                   |  1- 3 |  4- 6 |  7- 9 || total
-------------------------+-------+-------+-------++-------
Melee: Dagger            |   122 |    55 |       ||   177
       Short sword       |       |    83 |    52 ||   135
  Use: Potion            |     1 |     1 |     2 ||     4
       Scroll            |       |     2 |     1 ||     3
 Stab: Sleeping          |    10 |    18 |       ||    28
  Eat: Chunk             |    11 |     8 |     1 ||    20
Armor: Robe              |    17 |    20 |     2 ||    39
       Skin              |       |       |    29 ||    29
Dodge: Dodged            |    78 |   107 |    33 ||   218
